 Dungeon Crawl Stone Soup version 0.29.0-11-gd7f09526c8 (webtiles) character file.

Game seed: 12597013242006644009

814 keekatzer the Grave Robber (level 7, -8/45 HPs)
             Began as a Mummy Necromancer on Sept 2, 2022.
             Was a Believer of Hepliaklqana.
             Killed from afar by Maggie (25 damage)
             ... with a bolt of fire
             ... on level 6 of the Dungeon on Sept 4, 2022.
             The game lasted 00:31:10 (3730 turns).

keekatzer the Grave Robber (Mummy Necromancer)      Turns: 3730, Time: 00:31:11

Health: -8/45      AC:  5    Str: 11    XL:     7   Next: 62%
Magic:  12/14      EV: 10    Int: 17    God:    Hepliaklqana [**....]
Gold:   201        SH:  0    Dex: 12    Spells: 3/15 levels left

rFire   x . .      SeeInvis .   d - staff of death
rCold   + . .      Faith    .   (no shield)
rNeg    + + +      Spirit   .   g - +0 ring mail
rPois   ∞          Reflect  .   (no helmet)
rElec   .          Harm     .   (no cloak)
rCorr   .          Rampage  .   (no gloves)
Will    .....                   (no boots)
Stlth   +.........              (no amulet)
HPRegen 0.15/turn               f - ring of wizardry
MPRegen 0.14/turn               (no ring)

@: no status effects
A: reduced essence, cold resistance 1, negative energy resistance 3, torment
resistance 2, heat vulnerability 1, in touch with death 1, no potions
a: Renounce Religion, Recall Ancestor, Ancestor Identity


You were on level 6 of the Dungeon.
You worshipped Hepliaklqana.
Hepliaklqana was pleased with you.
You visited 1 branch of the dungeon, and saw 6 of its levels.

You collected 201 gold pieces.

Inventory:

Hand Weapons
 p - a +4 whip
Armour
 a - a +0 robe
 b - a +0 leather armour
 g - a +0 ring mail (worn)
 o - a +0 tower shield
Magical Staves
 d - a staff of death (weapon)
Jewellery
 f - a ring of wizardry (left hand)
Wands
 q - a wand of flame (21)
Scrolls
 c - 2 scrolls of fear {unknown}
 e - 2 scrolls of blinking {unknown}
 h - 3 scrolls of teleportation {unknown}
 i - 3 scrolls of amnesia {unknown}
 j - a scroll of noise {unknown}
 k - 2 scrolls of poison {unknown}
 l - a scroll of vulnerability {unknown}
 m - a scroll of magic mapping {unknown}
 n - 2 scrolls of identify {unknown}


   Skills:
 + Level 2.7 Fighting
 + Level 2.2 Staves
 * Level 2.1 Armour
 - Level 1.6 Dodging
 - Level 1.6 Stealth
 + Level 4.9 Spellcasting
 * Level 6.5 Necromancy
 - Level 2.0 Evocations


You had 3 spell levels left.
You knew the following spells:

 Your Spells              Type           Power      Damage    Failure   Level
a - Necrotise             Necr           100%       1d9       1%          1
b - Vampiric Draining     Necr           56%        2d10      2%          3
c - Animate Dead          Necr           56%        N/A       9%          4
d - Dispel Undead         Necr           56%        3d20      9%          4

Your spell library contained the following spells:

 Spells                   Type           Power      Damage    Failure   Level
 Foxfire                  Conj/Fire      16%        2x1d4     14%         1
 Conjure Flame            Conj/Fire      4%         6-21      38%         3
 Inner Flame              Hex/Fire       4%         N/A       38%         3
 Agony                    Necr           56%        N/A       26%         5
 Corpse Rot               Necr/Pois/Air  26%        N/A       45%         4
 Flame Wave               Conj/Fire      4%         2d5       77%         4
 Leda's Liquefaction      Hex/Erth       2%         N/A       77%         4
 Death Channel            Necr           28%        N/A       77%         6
 Lee's Rapid Deconstruct  Erth           2%         3d5*      97%         5
 Statue Form              Tmut/Erth      Unusable   N/A       N/A         6

Dungeon Overview and Level Annotations

Branches:
Dungeon (6/15)             Temple (0/1) D:6

Altars:
Gozag
Hepliaklqana
Okawaru
Qazlal
Yredelemnul

Annotations:
D:5 1 runed translucent door, Arex's ghost, novice DrTm
D:6 Maggie


Innate Abilities, Weirdness & Mutations

Your life essence is reduced to manifest your ancestor. (-10% HP)
You are immune to poison.
Your flesh is cold resistant. (rC+)
You are immune to negative energy. (rN+++)
You are immune to unholy pain and torment.
You are vulnerable to heat. (rF-)
You are in touch with the powers of death.
You do not drink.


Message History

The adder is almost dead.
The adder bites you.
Arif hits the adder with a +0 quarterstaff!
The adder dies!
Found a pair of boots.
You open the door.
There is an open door here.
You open the door.
Maggie the Vainglorious comes into view.
She is wielding a +2 halberd of flaming.
Maggie shouts!
Maggie casts a spell.
Maggie attempts to bespell you! You resist with some effort.
Casting: Necrotise (safe; 1% risk of failure)
Confirm with . or Enter, or press ? or * to list all spells.
Aiming: Necrotise (safe; 1% risk of failure)
Press: ? - help, Shift-Dir - straight line, f - Maggie
Aim: Maggie, wielding a +2 halberd of flaming and wearing +0 swamp dragon scales (chance to affect: 83%)
You feel a strong surge of power!
Maggie writhes in agony.
Maggie gestures wildly while chanting.
Maggie attempts to bespell you!
You easily resist.
Casting: Necrotise (safe; 1% risk of failure)
Confirm with . or Enter, or press ? or * to list all spells.
Okay, then.
Unknown command.
Casting: Necrotise (safe; 1% risk of failure)
Confirm with . or Enter, or press ? or * to list all spells.
Aiming: Necrotise (safe; 1% risk of failure)
Press: ? - help, Shift-Dir - straight line, f/p - Maggie
Aim: Maggie, wielding a +2 halberd of flaming and wearing +0 swamp dragon scales (lightly wounded, ally target, chance to affect: 83%)
You feel a strong surge of power!
Maggie writhes in agony!
Maggie points at you and mumbles some strange words.
The bolt of fire hits you!! The fire burns you terribly!
Ouch! That really hurt!
The bolt of fire hits Arif!
Arif resists.
Maggie casts a spell at you.
The bolt of fire misses Arif.
The bolt of fire hits you!! The fire burns you terribly!
Ouch! That really hurt!
You die...

..#########....##.#..
#...........#####.###
#.........#.......#
#.........#.......#
#.........#.......#
#.........#.......#
###.........##.####'#
#.##'####+####'.#....
+...@##########.##...
#....#..†#...#...#...
###..#.⌠...>.#.⌠.#...
#..#...#...#...####
#R.######.###.## #
#....@..#...#...#...#
#
#.@###..#.⌠...⌠...⌠.#
#
######..#...#...#...#
#
#.......######.######
#


You could see the friendly Arif the battlemage and Maggie (ally target).

Vanquished Creatures
  A black bear (D:5)
  A phantom (D:5)
  A necrophage (D:5)
  2 hounds
  2 iguanas
  An orc wizard (D:5)
  3 gnolls (D:5)
  5 adders
  A dart slug (D:3)
  5 orcs
  3 ball pythons (D:2)
  6 bats
  6 endoplasms
  3 giant cockroaches
  5 goblins
  5 hobgoblins (D:1)
  A jackal (D:3)
  5 kobolds
  A quokka (D:1)
  5 frilled lizards
  3 rats (D:2)
65 creatures vanquished.

Vanquished Creatures (collateral kills)
  2 black bears
  A bullfrog (D:6)
  A jelly (D:5)
  A gnoll (D:5)
  An adder (D:6)
  2 white imps (D:5)
  An orc (D:5)
  2 bats
  3 endoplasms
  A giant cockroach (D:1)
  A hobgoblin (D:4)
  A jackal (D:3)
  A ball python (D:2)
  2 kobolds
  A rat (D:2)
21 creatures vanquished.

Vanquished Creatures (others)
  An ancestor (D:4)
  2 fungi (D:2)
  2 plants (D:3)
5 creatures vanquished.

Grand Total: 91 creatures vanquished

Notes
Turn   | Place    | Note
-------+----------+-------------------------------------------
     0 | D:1      | keekatzer the Mummy Necromancer began the quest for the
                  | Orb.
     0 | D:1      | Reached XP level 1. HP: 13/13 MP: 4/4
   428 | D:1      | Reached XP level 2. HP: 19/19 MP: 1/5
  1070 | D:2      | Gained mutation: You are in touch with the powers of death.
                  | [Mummy growth]
  1070 | D:2      | Reached XP level 3. HP: 24/24 MP: 2/7
  1089 | D:2      | Found a hazy altar of Hepliaklqana.
  1094 | D:2      | Became a worshipper of Hepliaklqana the Forgotten
  1139 | D:2      | Learned a level 3 spell: Vampiric Draining
  1210 | D:2      | Found a faded altar of an unknown god.
  1609 | D:3      | Found a basalt altar of Yredelemnul.
  1615 | D:3      | Reached XP level 4. HP: 25/31 MP: 9/9
  1616 | D:3      | Found a stormy altar of Qazlal.
  1619 | D:3      | Found an opulent altar of Gozag.
  1679 | D:3      | Learned a level 4 spell: Animate Dead
  1926 | D:3      | Reached skill level 5 in Necromancy
  2014 | D:3      | Reached * piety under Hepliaklqana
  2190 | D:4      | Reached skill level 1 in Fighting
  2315 | D:4      | Reached skill level 1 in Staves
  2315 | D:4      | Reached XP level 5. HP: 33/33 MP: 7/10
  2333 | D:4      | Noticed a black bear
  2335 | D:4      | Reached skill level 1 in Evocations
  2340 | D:4      | Killed a black bear
  2580 | D:5      | Entered Level 5 of the Dungeon
  2610 | D:5      | Reached XP level 6. HP: 14/39 MP: 12/12
  2904 | D:5      | Reached skill level 6 in Necromancy
  3025 | D:5      | Reached skill level 1 in Armour
  3070 | D:5      | Learned a level 4 spell: Dispel Undead
  3114 | D:5      | Reached XP level 7. HP: 44/45 MP: 7/13
  3135 | D:5      | Found an iron altar of Okawaru.
  3506 | D:5      | Found a runed translucent door.
  3506 | D:5      | Noticed Arex's ghost (novice DrTm)
  3597 | D:6      | Reached ** piety under Hepliaklqana
  3598 | D:6      | Remembered your ancestor Arif as a battlemage
  3646 | D:6      | Found a staircase to the Ecumenical Temple.
  3724 | D:6      | Noticed Maggie
  3730 | D:6      | Killed from afar by Maggie

Illustrated notes

Levels and vault maps discovered:
D:1:      scummos_arrival_forest, layout_basic, roderic_lattice_a,
          chequers_serial_rivers_room_a, minmay_misc_feat_nine_boxes
D:2:      layout_rooms, basic_altar, shapermc_ecumenical_altar_mp_urbaneastern
D:3:      layout_basic, nicolae_overflow_hidden_temple, serial_bayou_crossing
D:4:      layout_rooms, minmay_unequal
D:5:      layout_loops_ring, mainiacjoe_overflow_alcove_2,
          ebering_ghost_inner_flame, minmay_circle_x
D:6:      layout_gridville, kb_xom_exploding_sheep,
          minmay_temple_entry_nine_rooms, wad_floor_pattern_untrapped,
          uniq_maggie, uniq_pikel, uniq_eustachio

Skill      XL: |  1  2  3  4  5  6  7 |
---------------+----------------------+-----
Spellcasting   | 3 4 |  4.9
Necromancy     | 5 6 |  6.5
Fighting       | 1 2 |  2.7
Staves         | 1 2 |  2.2
Evocations     | 1 2 |  2.0
Armour         | 1 2 |  2.1
Dodging        | |  1.6
Stealth        | |  1.6

Action                   |  1- 3 |  4- 6 |  7- 9 || total
-------------------------+-------+-------+-------++-------
Melee: Unarmed           |     3 |       |       ||     3
       Short sword       |    12 |       |       ||    12
       Staff             |    32 |    41 |     9 ||    82
 Cast: Necrotise         |    52 |    54 |    12 ||   118
       Vampiric Draining |       |     3 |     2 ||     5
Invok: Recall Ancestor   |       |     2 |       ||     2
       Ancestor Identity |       |     1 |       ||     1
       Ancestor Life: Ba |       |       |     1 ||     1
 Stab: Sleeping          |     3 |     1 |       ||     4
Armor: Robe              |    12 |    13 |       ||    25
       Ring mail         |       |       |     3 ||     3
Dodge: Dodged            |    36 |    35 |     9 ||    80
